Map: Frozen Temple

Players

Psycho

  • Race: Zerg Zerg
  • League: Diamond

Florencio - Winner!

  • Race: Protoss Protoss
  • League: Diamond

VOD

Have the link to the VOD?

Description

Time

  • Played on: Aug. 15, 2016, 10:11 p.m.
  • Length: 28:07
Show
View Real Time Build Order
Export as new Build Order

Psycho Zerg 

Build Orders: Hatch First 

Get SALT Encoding   

  12  0:01  Drone  
  13  0:12  Overlord  
  13  0:18  Drone  
  14  0:31  Drone x2  
  14  0:35  Drone  
  17  0:55  Hatchery  
  17  0:57  Drone  
  17  0:59  Extractor  
  17  1:02  Drone  
  17  1:22  Drone, Spawning Pool  
  17  1:25  Drone  
  18  1:30  Drone  
  19  1:40  Drone  
  20  1:49  Overlord  
  20  2:02  Drone  
  21  2:08  Queen  
  21  2:09  Metabolic Boost  
  21  2:13  Queen  
  25  2:18  Drone  
  25  2:20  Drone  
  27  2:25  Drone  
  27  2:26  Drone  
  29  2:32  Overlord  
  29  2:41  Drone x2  
  31  2:49  Queen  
  33  2:52  Pneumatized Carapace  
  33  3:06  Drone  
  33  3:08  Hatchery  
  33  3:09  Zergling x2  
  33  3:11  Zergling x2  
  35  3:14  Zergling x2  
  35  3:15  Zergling x2  
  35  3:17  Drone  
  38  3:20  Drone  
  38  3:21  Drone  
  38  3:23  Drone  
  41  3:28  Drone x2  
  43  3:43  Overlord x2  
  43  3:44  Drone  
  44  4:07  Spore Crawler  
  44  4:09  Spore Crawler  
  42  4:16  Overlord x2  
  42  4:19  Zergling x10  
  42  4:20  Drone x3  
  50  4:26  Spore Crawler  
  49  4:32  Overlord  
  49  4:43  Drone x3  
  52  4:50  Lair  
  52  4:54  Drone x3  
  52  4:55  Extractor  
  52  4:56  Drone  
  52  4:57  Spine Crawler, Evolution Chamber  
  53  5:07  Drone x4  
  54  5:09  Drone  
  54  5:10  Drone x7  
  65  5:20  Extractor  
  64  5:24  Extractor  
  63  5:29  Spore Crawler x2  
  63  5:35  Spore Crawler  
  60  5:36  Spore Crawler  
  60  5:39  Spore Crawler  
  60  5:40  Spore Crawler  
  57  5:43  Drone  
  57  5:44  Drone  
  52  5:52  Drone  
  52  5:53  Drone x2, Spire  
  54  6:01  Drone x2  
  54  6:02  Drone x3  
  59  6:08  Spore Crawler, Drone x2  
  59  6:25  Spore Crawler  
  57  6:27  Spore Crawler  
  54  6:33  Drone x5  
  52  6:46  Zergling x4  
  52  6:47  Zergling x12  
  59  6:48  Zergling x10  
  59  6:49  Spore Crawler  
  64  6:57  Drone, Zerg Ground Armor Level 1  
  64  6:58  Drone x7  
  72  7:15  Drone x4  
  75  7:17  Corruptor  
  75  7:18  Corruptor x3  
  75  7:20  Zerg Flyer Weapons Level 1  
  84  7:23  Drone x2  
  84  7:26  Overlord  
  84  7:27  Overlord  
  84  7:28  Corruptor  
  88  7:40  Evolution Chamber  
  87  7:45  Corruptor x3, Overlord  
  93  7:57  Overlord x2  
  93  7:58  Corruptor x2  
  93  8:05  Corruptor  
  97  8:06  Corruptor  
  97  8:10  Zerg Melee Weapons Level 1  
  88  8:34  Corruptor x2  
  88  8:39  Drone x15  
  88  8:40  Drone x2  
  99  8:51  Spore Crawler  
  99  8:53  Spore Crawler  
  97  8:56  Spore Crawler x2  
  97  8:58  Drone  
  96  9:13  Extractor  
  96  9:15  Zerg Flyer Weapons Level 2  
  96  9:16  Extractor  
  94  9:18  Spire  
  93  9:25  Drone  
  93  9:26  Drone x2  
  93  9:27  Drone  
  93  9:28  Drone x4  
  93  9:29  Drone  
  102  9:32  Hatchery  
  102  9:33  Queen  
  103  9:39  Drone  
  103  9:40  Drone x2  
  106  10:07  Overlord  
  106  10:08  Overlord x3  
  106  10:09  Overlord  
  97  10:41  Infestation Pit  
  96  10:52  Drone  
  96  10:53  Drone x9  
  106  10:58  Drone  
  106  11:03  Extractor  
  106  11:04  Extractor  
  106  11:06  Spore Crawler  
  106  11:09  Spore Crawler  
  101  11:11  Spore Crawler  
  101  11:13  Spore Crawler  
  97  11:22  Pathogen Glands  
  97  11:23  Infestor  
  97  11:24  Infestor x6  
  110  11:36  Drone  
  110  11:37  Drone x2  
  113  11:42  Corruptor x6  
  113  11:43  Corruptor  
  127  11:48  Overlord x2  
  127  11:54  Zerg Flyer Armor Level 1  
  127  12:12  Hatchery  
  127  12:15  Burrow  
  126  12:38  Hatchery  
  125  12:47  Corruptor, Overlord x2  
  127  12:53  Overlord x2  
  95  13:38  Infestor x4  
  93  13:46  Hatchery  
  92  13:57  Hatchery  
  91  14:08  Hive  
  91  14:11  Infestor x5  
  91  14:16  Infestor x3  
  107  14:41  Queen  
  107  15:13  Roach Warren  
  106  15:14  Zerg Ground Armor Level 2  
  106  15:15  Zerg Missile Weapons Level 1  
  106  15:19  Greater Spire  
  106  15:22  Zerg Flyer Armor Level 2  
  106  15:32  Drone  
  106  15:33  Drone x11  
  118  15:42  Drone  
  119  15:50  Drone  
  119  15:51  Drone x5  
  119  15:52  Drone x2  
  127  15:58  Glial Reconstitution  
  127  16:02  Overlord x4  
  129  16:04  Roach x5  
  137  16:12  Extractor  
  137  16:15  Extractor, Drone x2  
  137  16:26  Roach x9  
  137  16:30  Spore Crawler  
  137  16:32  Drone  
  155  16:33  Spine Crawler  
  155  16:34  Infestor x12  
  152  16:51  Roach  
  152  16:52  Roach x11  
  176  16:59  Spine Crawler  
  175  17:02  Spine Crawler  
  175  17:07  Spine Crawler  
  171  17:09  Spine Crawler  
  171  17:10  Spine Crawler  
  122  17:49  Extractor  
  121  17:52  Roach x15  
  121  17:53  Queen  
  121  17:55  Queen  
  155  18:13  Spore Crawler  
  155  18:14  Spore Crawler  
  155  18:16  Spore Crawler  
  155  18:17  Spore Crawler  
  155  18:19  Spore Crawler  
  150  18:22  Drone x7  
  150  18:23  Drone  
  158  18:30  Drone x2  
  128  19:04  Overseer x3  
  128  19:06  Roach x17  
  128  19:07  Roach x3  
  164  19:34  Overseer  
  164  19:36  Overseer  
  164  19:52  Hatchery  
  162  20:05  Mutalisk x2  
  162  20:06  Mutalisk x10  
  186  20:07  Hatchery  
  186  20:12  Zerg Flyer Weapons Level 3  
  185  20:34  Infestor x7  
  185  20:38  Mutalisk x7  
  198  21:27  Hatchery  
  197  21:33  Hatchery  
  197  21:34  Drone x4  
  200  21:56  Spore Crawler  
  199  22:15  Overlord x2  
  191  22:51  Roach x2  
  191  22:52  Roach x4  
  173  23:00  Infestor x7  
  171  23:08  Roach x6  
  171  23:09  Roach x5  
  193  23:20  Roach  
  193  23:21  Roach x2  
  199  23:29  Spore Crawler  
  199  23:32  Spine Crawler  
  191  23:34  Spine Crawler  
  190  23:51  Drone x3  
  190  23:52  Drone x3  
  196  23:58  Infestor x7  
  132  24:57  Roach x2  
  132  24:58  Roach x7  
  116  25:12  Roach  
  116  25:13  Extractor, Roach x8  
  116  25:14  Extractor  
  130  25:18  Queen  
  130  25:21  Queen  
  122  25:22  Queen  
  122  25:29  Corruptor  
  122  25:33  Roach x5  
  122  25:34  Roach x2  
  120  25:42  Roach  
  118  25:43  Roach x5  
  118  25:48  Spire  
  118  25:49  Roach Warren  
  128  25:51  Ultralisk Cavern  
  128  25:55  Roach x4, Spawning Pool  
  130  25:57  Hatchery, Corruptor  
  130  25:58  Corruptor  
  121  26:22  Overlord x2  
  121  26:23  Overlord x7  
  119  26:34  Extractor  
  119  26:35  Extractor  
  117  26:44  Corruptor  
  117  26:45  Corruptor x11  
  140  27:05  Overlord x2  
  140  27:06  Overlord x3  
  140  27:13  Drone x3  
  136  27:30  Roach x6  
  136  27:35  Roach  
Show
View Real Time Build Order
Export as new Build Order

Florencio Protoss - Winner!

Build Orders: 1 Gate Expand 

Get SALT Encoding   

  12  0:02  Probe (Chrono Boost)  
  13  0:12  Probe (Chrono Boost)  
  14  0:23  Probe (Chrono Boost)  
  14  0:26  Pylon  
  15  0:44  Probe (Chrono Boost)  
  16  0:52  Gateway  
  16  0:54  Probe (Chrono Boost)  
  17  1:05  Probe (Chrono Boost)  
  18  1:15  Probe (Chrono Boost), Assimilator  
  19  1:20  Assimilator  
  19  1:32  Nexus  
  19  1:39  Cybernetics Core  
  19  1:42  Probe (Chrono Boost)  
  20  1:53  Probe (Chrono Boost)  
  21  2:03  Probe (Chrono Boost)  
  21  2:06  Pylon  
  22  2:14  Probe (Chrono Boost)  
  23  2:22  Pylon  
  23  2:23  Stalker  
  23  2:29  Mothership Core (Chrono Boost)  
  28  2:44  Probe (Chrono Boost)  
  28  2:55  Assimilator, Probe (Chrono Boost)  
  28  2:56  Assimilator  
  29  3:02  Stargate  
  29  3:07  Probe x2 (Chrono Boost)  
  31  3:14  Stargate  
  31  3:22  Probe x2 (Chrono Boost)  
  33  3:35  Stargate  
  33  3:39  Probe x2 (Chrono Boost)  
  35  3:58  Forge  
  35  4:09  Pylon  
  37  4:10  Probe x2 (Chrono Boost)  
  37  4:18  Pylon  
  37  4:21  Oracle x3  
  46  4:39  Photon Cannon  
  46  4:41  Photon Cannon  
  46  4:42  Probe (Chrono Boost)  
  46  4:44  Probe (Chrono Boost)  
  48  4:57  Oracle  
  51  5:00  Oracle  
  54  5:09  Oracle  
  54  5:11  Probe (Chrono Boost)  
  54  5:13  Probe (Chrono Boost)  
  59  5:22  Photon Cannon  
  59  5:29  Photon Cannon  
  59  5:35  Pylon  
  59  5:40  Pylon  
  59  5:52  Photon Cannon  
  59  5:54  Pylon  
  59  5:57  Oracle  
  59  5:58  Oracle  
  59  6:02  Probe (Chrono Boost)  
  59  6:03  Probe (Chrono Boost)  
  67  6:35  Phoenix  
  67  6:36  Phoenix x2  
  73  6:53  Nexus  
  73  7:00  Phoenix x2  
  77  7:04  Probe (Chrono Boost)  
  77  7:05  Pylon  
  78  7:18  Pylon  
  78  7:23  Probe (Chrono Boost), Phoenix  
  78  7:25  Photon Cannon  
  78  7:28  Phoenix  
  83  7:30  Phoenix  
  85  7:53  Phoenix x2  
  85  7:55  Phoenix  
  91  8:03  Photon Cannon  
  81  8:40  Void Ray x3  
  77  8:42  Probe (Chrono Boost)  
  77  8:45  Assimilator  
  77  8:48  Assimilator  
  78  8:52  Probe (Chrono Boost)  
  79  9:22  Nexus, Void Ray  
  79  9:23  Pylon  
  83  9:29  Void Ray  
  87  9:35  Probe (Chrono Boost)  
  87  9:36  Probe (Chrono Boost)  
  89  9:54  Void Ray  
  93  10:05  Void Ray  
  97  10:08  Photon Cannon  
  97  10:10  Photon Cannon  
  97  10:13  Photon Cannon  
  97  10:18  Assimilator  
  97  10:34  Void Ray  
  97  10:37  Void Ray  
  101  10:47  Probe (Chrono Boost)  
  102  10:53  Gateway x2  
  102  10:56  Gateway  
  102  10:58  Probe (Chrono Boost), Gateway  
  105  11:08  Probe (Chrono Boost)  
  104  11:18  Void Ray x2  
  104  11:19  Probe (Chrono Boost)  
  104  11:23  Pylon  
  113  11:29  Probe (Chrono Boost)  
  113  11:31  Photon Cannon  
  114  11:34  Pylon  
  114  11:40  Probe (Chrono Boost)  
  114  11:44  Adept  
  114  11:45  Adept x3  
  123  11:51  Probe (Chrono Boost)  
  125  12:01  Probe (Chrono Boost)  
  125  12:11  Void Ray x2  
  125  12:12  Adept x2  
  125  12:14  Pylon  
  137  12:20  Pylon  
  137  12:21  Pylon, Adept  
  139  12:22  Pylon  
  139  12:24  Adept  
  141  12:39  Probe (Chrono Boost)  
  142  12:44  Assimilator  
  142  12:47  Void Ray  
  142  12:50  Probe (Chrono Boost)  
  147  12:54  Void Ray  
  81  13:40  Void Ray x2  
  81  13:41  Void Ray  
  77  13:42  Stalker x3  
  77  13:43  Stalker  
  77  13:44  Stalker  
  77  13:46  Warp Gate  
  87  13:48  Probe (Chrono Boost)  
  87  13:52  Probe (Chrono Boost)  
  89  13:59  Probe (Chrono Boost)  
  91  14:03  Probe (Chrono Boost)  
  91  14:05  Photon Cannon  
  91  14:09  Pylon  
  91  14:11  Probe (Chrono Boost)  
  91  14:12  Stalker x3  
  91  14:13  Probe (Chrono Boost)  
  91  14:15  Stalker  
  101  14:21  Probe (Chrono Boost)  
  101  14:23  Void Ray  
  106  14:27  Twilight Council  
  106  14:32  Pylon  
  106  14:40  Void Ray  
  106  14:42  Stalker  
  106  14:44  Void Ray  
  116  14:51  Nexus  
  116  14:52  Stalker  
  116  14:53  Stalker  
  116  14:54  Stalker  
  122  15:13  Pylon  
  124  15:14  Mothership Core (Chrono Boost)  
  124  15:16  Void Ray  
  128  15:23  Void Ray  
  132  15:29  Dark Shrine  
  132  15:34  Gateway  
  132  15:39  Gateway  
  132  15:41  Gateway  
  132  15:47  Pylon  
  132  15:58  Photon Cannon  
  132  16:00  Photon Cannon  
  132  16:01  Photon Cannon  
  132  16:02  Photon Cannon  
  132  16:05  Probe (Chrono Boost)  
  132  16:06  Probe (Chrono Boost)  
  134  16:16  Probe x2 (Chrono Boost)  
  136  16:23  Pylon  
  136  16:27  Pylon  
  136  16:28  Pylon  
  136  16:31  Assimilator  
  136  16:32  Assimilator  
  136  16:43  Dark Templar  
  136  16:44  Dark Templar x3  
  100  17:35  Void Ray x3  
  100  17:44  Pylon  
  96  17:46  Dark Templar x6  
  96  17:47  Dark Templar  
  110  18:07  Templar Archives  
  110  18:18  Void Ray x2  
  118  18:21  Stalker x3  
  118  18:22  Stalker x4  
  118  18:26  Void Ray  
  136  18:33  Pylon  
  136  18:36  Pylon  
  130  18:47  Dark Templar x5  
  130  18:48  Dark Templar x2  
  138  19:00  Void Ray  
  138  19:01  Void Ray  
  141  19:23  Psionic Storm  
  139  19:28  High Templar x5  
  139  19:29  High Templar x2  
  151  19:34  Archon x2  
  151  19:52  Nexus  
  151  19:53  Pylon  
  151  19:57  Archon x3  
  151  20:02  Archon  
  151  20:13  High Templar x2  
  155  20:17  Stalker x5  
  165  20:43  Stalker x3  
  165  20:44  Stalker  
  165  20:45  Pylon, Stalker  
  165  20:46  Stalker x2  
  165  20:47  Pylon  
  179  21:19  Stalker  
  179  21:20  Stalker x4  
  179  21:21  Adept x2  
  193  21:35  Oracle  
  194  21:41  Photon Cannon  
  194  21:42  Photon Cannon  
  194  21:43  Photon Cannon  
  194  21:45  Photon Cannon  
  194  21:47  Photon Cannon  
  194  21:48  Pylon  
  194  21:52  Pylon  
  194  21:55  Pylon  
  194  21:58  Pylon  
  194  22:02  Assimilator  
  194  22:04  Fleet Beacon  
  194  22:05  Assimilator  
  193  22:11  Pylon  
  192  22:17  Stalker  
  194  22:33  Stalker  
  194  22:43  Photon Cannon, Pylon  
  194  22:47  Pylon  
  194  22:48  Pylon  
  188  22:51  Pylon  
  174  23:43  Zealot x2  
  174  23:44  Zealot x5  
  185  24:37  Pylon  
  185  24:41  Pylon  
  157  24:54  Archon  
  143  25:00  Stalker x3  
  143  25:01  Stalker x4  
  150  25:30  Archon  
  144  25:56  Adept  
  144  25:57  Adept x4  
  148  25:58  Adept x2  
  158  26:24  Stalker x4  
  158  26:25  Stalker x3  
  170  26:31  Forge  
  168  26:58  Stalker x3  
  168  26:59  Stalker x4  
  182  27:23  Nexus  
  182  27:25  Pylon  
  182  27:27  Pylon  
  168  27:34  Stalker  
  168  27:35  Stalker x3  
  168  27:36  Stalker x3  
Tags
 
Add a new tag
Caveats
  • Supply blocks, unpowered buildings, or Contaminate may cause inaccurate times.
  • Supply counts are checked every 10 seconds.